 Dungeon Crawl Stone Soup version 0.22-a0-93-g6b88ebb (webtiles) character file.

172 sankara the Sneak (level 5, -10/38 HPs)
             Began as a Draconian Enchanter on Jan 24, 2018.
             Mangled by wazuzu's ghost (11 damage)
             ... on level 3 of the Dungeon.
             The game lasted 00:11:36 (3358 turns).

sankara the Sneak (Draconian Enchanter)             Turns: 3358, Time: 00:11:36

Health: -10/38     AC:  5    Str: 11    XL:     5   Next: 27%
Magic:  3/10       EV: 12    Int: 15    God:
Gold:   262        SH:  0    Dex: 12    Spells: 4/10 levels left

rFire    . . .     SeeInvis .   a - +0 dagger (drain)
rCold    . . .     Gourm    .   (no shield)
rNeg     . . .     Faith    .   (armour unavailable)
rPois    .         Spirit   .   (helmet restricted)
rElec    .         Reflect  .   (no cloak)
rCorr    .         Harm     .   (no gloves)
MR       .....                  (no boots)
Stlth    +.........             (no amulet)
HPRegen  0.12/turn              (no ring)
MPRegen  0.12/turn              (no ring)

@: very slow
A: unfitting armour, cold-blooded, AC +5
a: no special abilities


You were on level 3 of the Dungeon.
You were hungry.

You visited 1 branch of the dungeon, and saw 3 of its levels.

You collected 262 gold pieces.

Inventory:

Hand Weapons
 a - a +0 dagger of draining (weapon)
 b - a +0 blowgun
 k - a +1 dagger
 n - a +1 short sword of speed
Missiles
 d - 153 stones (quivered)
 j - 26 poisoned needles
Scrolls
 e - a scroll of amnesia {unknown}
 f - 4 scrolls of identify {unknown}
 g - a scroll of fear {unknown}
 i - a scroll of enchant weapon {unknown}
 l - a scroll of noise {unknown}
 o - a scroll of teleportation {unknown}
Books
 h - a book of Maledictions

   Spells                             Type                      Level
   a - Corona                         Hexes                        1
   b - Ensorcelled Hibernation        Hexes/Ice                    2
   c - Confuse                        Hexes                        3
   d - Tukima's Dance                 Hexes                        3
   e - Dazzling Spray                 Conjuration/Hexes            3
Comestibles
 c - 3 rations


   Skills:
 - Level 1.0 Short Blades
 - Level 1.7 Dodging
 + Level 4.0 Stealth
 + Level 3.3 Spellcasting
 + Level 3.8 Hexes


You had 4 spell levels left.
You knew the following spells:

 Your Spells              Type           Power        Failure   Level  Hunger
a - Corona                Hex            ##.....      4%          1    None
b - Ensorcelled Hibernat  Hex/Ice        #.....       13%         2    ##.....
c - Confuse               Hex            ##......     12%         3    ###....


Dungeon Overview and Level Annotations

Branches:
Dungeon (3/15)

Altars:

Annotations:
D:3 wazuzu's ghost, amateur DsGl


Innate Abilities, Weirdness & Mutations

Your plain brown scales are hard. (AC +5)
You cannot fit into any form of body armour.
You are cold-blooded and may be slowed by cold attacks.


Message History

Your unstable footing causes you to fumble your attack.
Wazuzu's ghost closely misses you.
You hit wazuzu's ghost but do no damage.
You hit wazuzu's ghost but do no damage.
Wazuzu's ghost hits you. x2
Your unstable footing causes you to fumble your attack.
Wazuzu's ghost seems less confused.
Wazuzu's ghost hits you!
* * * LOW HITPOINT WARNING * * *
Wazuzu's ghost shouts, "You will never get the ORB!"
Wazuzu's ghost closely misses you.
Your unstable footing causes you to fumble your attack.
You hit wazuzu's ghost but do no damage.
Wazuzu's ghost hits you.
* * * LOW HITPOINT WARNING * * *
Wazuzu's ghost shouts, "There is no future for me!"
Wazuzu's ghost hits you.
* * * LOW HITPOINT WARNING * * *
Wazuzu's ghost misses you. Wazuzu's ghost hits you!
You die...

#.###.###### #.# #.##...##
#.# #.#.....########.#
####..............#.#######
...........######.........#
......#...##
###.#####.##### #####.##.##
#............# #.####
#############.###.# #.#
##≈≈W@..≈####.#.##.### #.#
#≈#######≈#..###.....# #.#
#≈# #.###÷#.##.#.# #.# #≈#
#≈# ##.###.#.# #≈# #≈# #.#
#.#.# #≈# #≈# #.###.#.# #≈#
#%# #.#...#.# #≈# #.#
#...###.# ##≈
##≈#####..###.#


You could see wazuzu's ghost.

Vanquished Creatures
  Natasha (twice) (D:3)
  2 adders
  2 river rats (D:3)
  4 worms (D:3)
  3 dart slugs
  6 leopard geckos (D:3)
  An orc (D:3)
  5 bats
  A giant cockroach (D:2)
  7 goblins
  3 hobgoblins
  7 jackals
  7 kobolds
  5 frilled lizards
  9 rats
64 creatures vanquished.

Notes
Turn   | Place    | Note
-------+----------+-------------------------------------------
     0 | D:1      | sankara the Draconian Enchanter began the quest for the Orb.
     0 | D:1      | Reached XP level 1. HP: 14/14 MP: 3/3
   414 | D:1      | Reached XP level 2. HP: 13/20 MP: 3/5
   419 | D:1      | Learned a level 2 spell: Ensorcelled Hibernation
   610 | D:1      | Reached skill level 3 in Stealth
  1526 | D:2      | Reached XP level 3. HP: 13/26 MP: 0/6
  1943 | D:3      | Noticed Natasha
  1956 | D:3      | Killed Natasha
  1956 | D:3      | Reached XP level 4. HP: 13/33 MP: 4/8
  2334 | D:3      | Learned a level 3 spell: Confuse
  2554 | D:3      | Noticed Natasha
  2932 | D:3      | Killed Natasha
  2932 | D:3      | Reached XP level 5. HP: 3/38 MP: 2/9
  3262 | D:3      | Reached skill level 4 in Stealth
  3340 | D:3      | Noticed wazuzu's ghost (amateur DsGl)
  3355 | D:3      | HP: 1/38 [wazuzu's ghost (6)]
  3358 | D:3      | Mangled by wazuzu's ghost

Vault maps used:
D:1:      minmay_arrival_five_plusses
D:3:      lemuel_coloured_pillars_altar, gup_sewer_entry_spiral,
          due_unseen_surprise, uniq_natasha

Skill      XL: |  1  2  3  4  5 |
---------------+----------------+-----
Stealth        | 3 4 |  4.0
Hexes          | 3 |  3.8
Spellcasting   | 3 |  3.3
Short Blades   | |  1.0
Dodging        | |  1.7

Action                   |  1- 3 |  4- 6 || total
-------------------------+-------+-------++-------
Melee: Dagger            |   114 |   102 ||   216
       Tailslap          |    11 |     9 ||    20
 Cast: Corona            |     4 |       ||     4
       Ensorcelled Hiber |    15 |    15 ||    30
       Confuse           |       |     2 ||     2
  Use: Potion            |     3 |       ||     3
 Stab: Sleeping          |    16 |    12 ||    28
  Eat: Chunk             |     4 |     5 ||     9
Armor: Skin              |    28 |    22 ||    50
Dodge: Dodged            |    82 |    69 ||   151

Table legend:
 A = Spawn XP
 B = Non-spawn XP
 C = Spawn XP percentage of total XP
 D = Spawn monster count
 E = Non-spawn monster count
 F = Spawn count percentage of total count
 G = Total turns spent on level
                    A         B        C        D         E        F      G
               +---------+---------+-------+---------+---------+-------+---------
         Total |       0 |     247 |   0.0 |       0 |      64 |   0.0 |  3358
               +---------+---------+-------+---------+---------+-------+---------
           D:1 |       0 |      35 |   0.0 |       0 |      20 |   0.0 |  1378
           D:2 |       0 |      31 |   0.0 |       0 |      10 |   0.0 |   561
           D:3 |       0 |     181 |   0.0 |       0 |      34 |   0.0 |  1419
               +---------+---------+-------+---------+---------+-------+---------
